Map: Echo LE (Void)

Players

Fropez - Winner!

  • Race: Protoss Protoss
  • League: Gold
  • Spawn Location: 5:00

WidowMaker

  • Race: Terran Terran
  • League: Gold
  • Spawn Location: 11:00

VOD

Have the link to the VOD?

Description

Time

  • Played on: Dec. 31, 2016, 8:45 p.m.
  • Length: 16:22
Show
View Real Time Build Order
Export as new Build Order

Fropez Protoss - Winner!

Build Orders:  

Get SALT Encoding   

  12  0:01  Probe (Chrono Boost)  
  13  0:11  Probe (Chrono Boost)  
  14  0:24  Pylon, Probe (Chrono Boost)  
  15  0:31  Assimilator  
  15  0:42  Probe (Chrono Boost)  
  16  0:46  Gateway  
  16  0:53  Probe (Chrono Boost)  
  17  1:03  Probe (Chrono Boost)  
  18  1:14  Probe (Chrono Boost)  
  19  1:24  Probe (Chrono Boost)  
  20  1:27  Assimilator  
  20  1:38  Probe (Chrono Boost), Cybernetics Core  
  21  1:47  Pylon  
  21  1:49  Probe (Chrono Boost)  
  22  1:58  Pylon  
  22  1:59  Probe (Chrono Boost)  
  23  2:10  Probe (Chrono Boost)  
  23  2:14  Warp Gate  
  24  2:18  Robotics Facility  
  24  2:21  Probe (Chrono Boost), Robotics Facility  
  25  2:34  Adept  
  28  2:42  Mothership Core (Chrono Boost)  
  29  2:48  Forge  
  29  3:02  Probe (Chrono Boost)  
  33  3:14  Probe (Chrono Boost)  
  33  3:16  Immortal  
  35  3:26  Probe (Chrono Boost)  
  36  3:32  Pylon  
  36  3:36  Protoss Ground Weapons Level 1  
  36  3:43  Pylon  
  36  3:46  Probe (Chrono Boost)  
  37  3:50  Immortal  
  41  3:58  Probe (Chrono Boost)  
  41  3:59  Warp Prism, Pylon  
  45  4:10  Probe (Chrono Boost)  
  45  4:22  Probe (Chrono Boost)  
  45  4:24  Pylon  
  44  4:34  Probe (Chrono Boost)  
  44  4:36  Gateway  
  45  4:58  Gateway  
  45  5:00  Immortal  
  45  5:04  Gateway  
  45  5:05  Immortal  
  53  5:10  Adept  
  55  5:32  Adept  
  57  5:53  Stalker x2  
  49  6:32  Probe (Chrono Boost)  
  50  6:37  Immortal  
  50  6:38  Immortal  
  58  6:44  Probe (Chrono Boost)  
  54  6:54  Adept x3  
  60  7:09  Nexus  
  60  7:12  Pylon  
  60  7:22  Pylon  
  60  7:48  Protoss Ground Armor Level 1  
  60  7:49  Adept x3  
  66  7:58  Probe (Chrono Boost)  
  67  8:09  Gateway  
  67  8:10  Probe (Chrono Boost)  
  69  8:28  Probe x2 (Chrono Boost)  
  70  8:34  Stalker  
  70  8:39  Probe (Chrono Boost)  
  70  8:40  Probe (Chrono Boost)  
  74  8:46  Assimilator  
  74  8:52  Probe (Chrono Boost)  
  75  8:56  Stalker x2  
  75  9:01  Observer x2  
  79  9:05  Probe (Chrono Boost)  
  80  9:12  Adept  
  76  9:39  Adept  
  74  10:10  Adept  
  74  10:11  Adept  
  74  10:12  Nexus  
  74  10:37  Adept x2  
  73  11:26  Nexus  
  73  11:27  Probe (Chrono Boost)  
  73  11:28  Pylon  
  73  11:30  Pylon  
  73  11:34  Assimilator  
  73  11:38  Assimilator  
  71  11:46  Stalker x3  
  73  11:50  Nexus  
  73  11:52  Assimilator x2  
  73  11:53  Probe (Chrono Boost)  
  74  11:55  Probe (Chrono Boost)  
  74  11:56  Probe (Chrono Boost), Assimilator  
  76  12:01  Pylon  
  76  12:03  Pylon  
  76  12:06  Probe (Chrono Boost)  
  77  12:16  Stalker x2  
  77  12:20  Pylon, Probe (Chrono Boost)  
  77  12:22  Assimilator  
  68  12:39  Stalker  
  70  12:51  Probe (Chrono Boost)  
  61  14:06  Stalker x2  
  61  14:07  Stalker  
  67  14:10  Pylon  
  65  14:32  Probe x3 (Chrono Boost)  
  65  14:33  Probe (Chrono Boost)  
  69  14:42  Probe x3 (Chrono Boost)  
  69  14:45  Probe (Chrono Boost)  
  70  14:53  Probe x2 (Chrono Boost), Stalker x2  
  70  14:56  Probe (Chrono Boost)  
  70  14:57  Probe (Chrono Boost)  
  73  15:16  Pylon  
  73  15:19  Probe x2 (Chrono Boost)  
  73  15:20  Probe (Chrono Boost)  
  77  15:28  Probe (Chrono Boost)  
  77  15:41  Stalker x2  
Show
View Real Time Build Order
Export as new Build Order

WidowMaker Terran 

Build Orders: Cyclone Opening 

Get SALT Encoding   

  12  0:00  SCV  
  13  0:13  SCV  
  14  0:17  Supply Depot  
  14  0:25  SCV  
  15  0:29  Refinery  
  15  0:38  SCV  
  16  0:45  Barracks  
  16  0:51  SCV  
  17  0:57  Supply Depot  
  17  1:03  SCV  
  18  1:09  Refinery  
  18  1:15  SCV  
  19  1:28  SCV  
  20  1:34  Marine  
  20  1:35  Factory  
  21  1:45  Orbital Command  
  21  1:54  Marine  
  22  2:10  SCV  
  23  2:25  Command Center  
  23  2:30  SCV  
  24  2:39  Barracks Reactor  
  24  2:42  SCV, Cyclone  
  28  2:54  SCV, Starport  
  29  3:06  SCV  
  30  3:14  Factory Reactor  
  30  3:16  Marine  
  31  3:23  Marine, SCV  
  31  3:24  Supply Depot  
  33  3:33  Marine  
  34  3:35  SCV  
  34  3:41  Marine  
  35  3:43  Orbital Command  
  35  3:47  SCV  
  36  3:52  Supply Depot  
  36  3:57  Marine  
  36  3:58  Marine  
  36  3:59  SCV  
  39  4:05  Cyclone  
  39  4:06  Medivac  
  39  4:09  SCV  
  45  4:10  Liberator  
  45  4:11  SCV  
  46  4:21  SCV  
  46  4:24  SCV  
  48  4:25  Engineering Bay, Liberator  
  48  4:29  Marine  
  52  4:34  SCV  
  52  4:36  SCV  
  57  4:46  SCV  
  57  4:48  SCV  
  57  4:51  Barracks  
  59  4:54  Missile Turret  
  59  4:55  Missile Turret  
  59  4:59  Factory Tech Lab  
  59  5:01  Marine x2, Terran Infantry Weapons Level 1  
  61  5:10  Supply Depot  
  61  5:20  Marine x2  
  61  5:21  Siege Tank  
  64  5:24  Medivac  
  57  6:05  Liberator  
  54  6:15  Marine x2  
  54  6:17  Barracks Tech Lab  
  56  6:21  Command Center  
  56  6:22  Siege Tank  
  59  6:25  Supply Depot  
  56  6:53  Liberator  
  56  6:57  Bunker  
  56  6:59  SCV x2  
  58  7:04  Refinery  
  58  7:05  Refinery  
  58  7:08  Command Center  
  58  7:10  Medivac  
  58  7:11  SCV  
  58  7:13  Marine  
  58  7:14  Marine  
  66  7:20  SCV  
  66  7:21  Missile Turret  
  67  7:23  SCV, Missile Turret  
  67  7:40  Medivac  
  65  7:49  SCV  
  65  7:50  SCV  
  67  7:53  Viking  
  69  8:12  Marine x2, Marauder  
  70  8:32  Marine x2  
  70  8:34  Marauder  
  74  8:50  Marine x2  
  74  8:55  Marauder  
  78  9:04  Missile Turret  
  78  9:07  Marine  
  76  9:16  Marauder  
  75  9:25  Missile Turret  
  75  9:29  Liberator  
  46  9:45  Marine x2  
  46  9:47  Siege Tank, Missile Turret  
  46  9:48  Orbital Command  
  41  9:58  Planetary Fortress  
  21  10:46  SCV  
  17  10:59  SCV  
  18  11:07  Marine  
  18  11:11  SCV  
  20  11:25  Marine  
  21  11:59  Barracks Tech Lab  
  21  12:00  SCV  
  22  12:05  Orbital Command  
  22  12:09  Orbital Command  
  22  12:12  SCV  
  23  12:36  Marine  
  24  12:45  Refinery  
  24  12:46  Refinery  
  24  12:47  SCV x2  
  26  12:54  Marine  
  27  13:00  Barracks  
  27  13:01  Barracks  
  27  13:12  Marine  
  28  13:30  Marine  
  28  13:31  Engineering Bay  
  29  13:35  Orbital Command  
  25  14:02  Starport Reactor  
  24  14:24  Liberator  
  23  14:40  Marine  
  27  14:46  Marine x2  
  27  14:52  Orbital Command  
  29  14:57  Marine  
  29  14:58  Supply Depot  
  29  14:59  Supply Depot  
  30  15:01  Supply Depot  
  30  15:03  SCV  
  30  15:04  Marine x2, Supply Depot  
  30  15:15  SCV  
  30  15:19  SCV  
  32  15:25  Missile Turret  
  32  15:31  SCV  
  32  15:34  Barracks Tech Lab  
  32  15:35  Barracks Reactor  
  33  15:36  Barracks  
  33  15:42  Missile Turret x3  
  33  15:48  Marine  
  31  15:54  SCV  
  32  16:00  SCV  
  33  16:05  Barracks  
  33  16:06  SCV, Barracks  
  33  16:07  Barracks  
Tags
 
League
GoldGold
Matchup
PvT
Replay Pack
All Mines
Spawn Locations
Cross Positions
Add a new tag
Caveats
  • Supply blocks, unpowered buildings, or Contaminate may cause inaccurate times.
  • Supply counts are checked every 10 seconds.